 Dungeon Crawl Stone Soup version 0.23.1 (webtiles) character file.

Game seed: 17319575517048443696

44 Borgoz the Sneak (level 3, -2/28 HPs)
             Began as a Ghoul Enchanter on Mar 3, 2019.
             Slain by a quokka (4 damage)
             ... on level 2 of the Dungeon.
             The game lasted 00:02:19 (1691 turns).

Borgoz the Sneak (Ghoul Enchanter)                  Turns: 1691, Time: 00:02:20

Health: -2/28      AC:  2    Str: 11    XL:     3   Next: 62%
Magic:  4/4        EV: 12    Int: 10    God:
Gold:   33         SH:  0    Dex: 10    Spells: 4/5 levels left

rFire    . . .     SeeInvis .   a - +1 dagger
rCold    + . .     Gourm    .   (no shield)
rNeg     + + +     Faith    .   b - +0 robe
rPois    ∞         Spirit   .   (no helmet)
rElec    .         Reflect  .   (no cloak)
rCorr    .         Harm     .   (no gloves)
MR       .....                  (no boots)
Stlth    ++........             (no amulet)
HPRegen  0.00/turn              (no ring)
MPRegen  0.09/turn              (no ring)

@: rotting
A: rotting body, claws 1, carnivore, cold resistance 1, negative energy
resistance 3, inhibited regeneration, torment resistance, unbreathing
a: no special abilities


You were on level 2 of the Dungeon.
You were not hungry.

You visited 1 branch of the dungeon, and saw 2 of its levels.

You collected 33 gold pieces.

Inventory:

Hand Weapons
 a - a +1 dagger (weapon)
Missiles
 k - 8 tomahawks (quivered)
Armour
 b - a +0 robe (worn)
Jewellery
 j - an uncursed ring of positive energy {unknown}
Scrolls
 e - 3 scrolls of fog {unknown}
 g - 2 scrolls of noise {unknown}
 h - a scroll of amnesia {unknown}
 l - a scroll of remove curse {unknown}
 m - a scroll of enchant armour {unknown}
 o - a scroll of fear {unknown}
Potions
 f - 3 potions of curing
 i - a potion of mutation {unknown}
 n - a potion of heal wounds {unknown}
Comestibles
 d - 4 rations


   Skills:
 + Level 1.0 Fighting
 * Level 1.8 Short Blades
 + Level 1.0 Armour
 * Level 2.4 Dodging
 - Level 3.2 Stealth
 - Level 1.7 Spellcasting
 - Level 2.4 Hexes


You had 4 spell levels left.
You knew the following spells:

 Your Spells              Type           Power        Failure   Level  Hunger
a - Corona                Hex            #......      12%         1    ##.....

Your spell library contained the following spells:

 Spells                   Type           Power        Failure   Level  Hunger
 Ensorcelled Hibernation  Hex/Ice        #.....       30%         2    ###....
 Confuse                  Hex            #.......     34%         3    ####...
 Tukima's Dance           Hex            #.......     34%         3    ####...
 Dazzling Spray           Conj/Hex       #.....       52%         3    ####...


Dungeon Overview and Level Annotations

Branches:
Dungeon (2/15)

Altars:


Innate Abilities, Weirdness & Mutations

Your body is rotting away.
You thrive on raw meat.
You are immune to poison.
You have sharp fingernails.
You are carnivorous and can eat meat at any time.
Your flesh is cold resistant. (rC+)
You are immune to negative energy. (rN+++)
You do not regenerate when monsters are visible.
You are immune to unholy pain and torment.
You can survive without breathing.


Message History

The jackal is almost dead.
The jackal bites you. The quokka bites you.
* * * LOW HITPOINT WARNING * * *
The jackal misses you.
You hit the jackal but do no damage.
The jackal is almost dead.
The quokka bites you.
* * * LOW HITPOINT WARNING * * *
The jackal barely misses you.
You hit the jackal.
You kill the jackal!
The quokka closely misses you.
You barely miss the quokka. The quokka bites you.
* * * LOW HITPOINT WARNING * * *
The rat twitches its whiskers.
The hobgoblin barely misses you. The quokka barely misses you.
You hit the quokka.
The quokka is moderately wounded.
The quokka bites you.
You die...

..#. .# #. #... #.###...
#.#..##### #......####
..#..#...#####.>........
.##....#..).............
........................
...............>........
..........##.....g......
.##.##.######...@#..##
....##.# ###..rr..#
#...<..# ####......
#..##.)### ...##.
...##)...# ..#
...#####...# ..<. ..##
#..... ##.# .## .###. ..
.# .


You could see a quokka, a hobgoblin and a rat.

Vanquished Creatures
  An adder (D:2)
  A dart slug (D:1)
  A leopard gecko (D:1)
  7 bats
  5 goblins
  A hobgoblin (D:2)
  3 jackals (D:2)
  3 kobolds
  A quokka (D:2)
  7 frilled lizards
  A rat (D:2)
31 creatures vanquished.

Notes
Turn   | Place    | Note
-------+----------+-------------------------------------------
     0 | D:1      | Borgoz the Ghoul Enchanter began the quest for the Orb.
     0 | D:1      | Reached XP level 1. HP: 14/14 MP: 2/2
    14 | D:1      | Reached skill level 1 in Short Blades
   343 | D:1      | Reached XP level 2. HP: 21/22 MP: 3/3
  1356 | D:2      | Reached XP level 3. HP: 26/26 MP: 4/4
  1416 | D:2      | Reached skill level 1 in Fighting
  1670 | D:2      | Reached skill level 1 in Armour
  1691 | D:2      | Slain by a quokka

Skill      XL: |  1  2  3 |
---------------+----------+-----
Short Blades   | 1 |  1.8
Dodging        | 2 |  2.4
Fighting       | 1 |  1.0
Armour         | 1 |  1.0
Stealth        | |  3.2
Spellcasting   | |  1.7
Hexes          | |  2.4

Action                   || total
-------------------------++-------
Melee: Dagger            ||   129
  Use: Potion            ||     2
 Stab: Sleeping          ||     3
       Distracted        ||     1
  Eat: Chunk             ||     9
Armor: Robe              ||    32
Dodge: Dodged            ||    99
